 Dungeon Crawl Stone Soup version 0.27.0-1-g7a089689b8 (webtiles) character file.

Game seed: 7206649951573682161

32 hito the Shield-Bearer (level 3, -2/29 (30) HPs)
             Began as a Formicid Fighter on Aug 7, 2021.
             Slain by Crazy Yiuf (17 damage)
             ... on level 2 of the Dungeon on Aug 8, 2021.
             The game lasted 00:01:28 (1044 turns).

hito the Shield-Bearer (Formicid Fighter)           Turns: 1044, Time: 00:01:29

HP:   -2/29 (30)    AC:  6    Str: 21    XL:     3   Next: 42%
MP:   1/3           EV:  8    Int:  7    God:
Gold: 55            SH:  9    Dex: 10    Spells: 2/2 levels left

rFire    . . .     SeeInvis +   k - +2 mace (protect)
rCold    . . .     Faith    .   c - +0 kite shield
rNeg     . . .     Spirit   .   b - +0 scale mail
rPois    .         Reflect  .   (helmet unavailable)
rElec    .         Harm     .   (no cloak)
rCorr    .         Rampage  .   (no gloves)
Will     .....                  (no boots)
Stlth    ..........             (no amulet)
HPRegen  0.09/turn              (no ring)
MPRegen  0.08/turn              (no ring)

@: very slightly contaminated, lightly drained, invisible
A: permanent stasis, dig shafts and tunnels, antennae 3, four strong arms
a: Dig, Shaft Self


You were on level 2 of the Dungeon.
You visited 1 branch of the dungeon, and saw 2 of its levels.

You collected 55 gold pieces.

Inventory:

Hand Weapons
 a - a +0 long sword
 k - a +2 mace of protection (weapon)
Armour
 b - a +0 scale mail (worn)
 c - a +0 kite shield (worn)
Scrolls
 e - 3 scrolls of amnesia {unknown}
 h - a scroll of teleportation {unknown}
Potions
 d - a potion of might
 f - a potion of curing {unknown}
 g - a potion of magic {unknown}
 i - a potion of berserk rage {unknown}
 j - a potion of haste {unknown}


   Skills:
 + Level 4.1 Fighting
 - Level 2.0 Long Blades
 - Level 3.3 Armour
 + Level 4.3 Shields


You had 2 spell levels left.
You didn't know any spells.
Your spell library was empty.

Dungeon Overview and Level Annotations

Branches:
Dungeon (2/15)

Altars:

Annotations:
D:2 Crazy Yiuf


Innate Abilities, Weirdness & Mutations

You cannot be hasted, slowed, berserked, paralysed or teleported.
You can dig through walls and to a lower floor.
You have a pair of large antennae on your head. (SInv)
Your four strong arms can wield two-handed weapons with a shield.


Message History

You hit Crazy Yiuf but do no damage.
Crazy Yiuf is moderately wounded.
You block Crazy Yiuf's attack.
You closely miss Crazy Yiuf.
Crazy Yiuf is moderately wounded.
Crazy Yiuf hits you with a +4 quarterstaff of chaos.
Crazy Yiuf burns you. Crazy Yiuf hits you but does no damage.
You hit Crazy Yiuf.
Crazy Yiuf is heavily wounded.
You block Crazy Yiuf's attack.
You closely miss Crazy Yiuf.
Crazy Yiuf is heavily wounded.
You block Crazy Yiuf's attack.
Crazy Yiuf hits you with a +4 quarterstaff of chaos.
You fade into invisibility!
You are very lightly contaminated with residual magic.
You sock Crazy Yiuf!
Crazy Yiuf is almost dead.
Crazy Yiuf barely misses you. Crazy Yiuf hits you but does no damage.
You feel drained.
You barely miss Crazy Yiuf.
Crazy Yiuf is almost dead.
Crazy Yiuf cries, "You testudinal leg!"
Crazy Yiuf closely misses you.
You closely miss Crazy Yiuf.
Crazy Yiuf is almost dead.
Crazy Yiuf hits you with a +4 quarterstaff of chaos.
You feel your power leaking away. You block Crazy Yiuf's attack.
You hit Crazy Yiuf.
Your weapon exudes an aura of protection.
Crazy Yiuf is almost dead.
Crazy Yiuf hits you with a +4 quarterstaff of chaos.
You completely miss Crazy Yiuf.
Crazy Yiuf is almost dead.
You closely miss Crazy Yiuf.
Crazy Yiuf is almost dead.
Crazy Yiuf hits you but does no damage.
You are electrocuted!
Ouch! That really hurt!
You die...

####♣♣ ###
##.+..♣♣ ♣♣#..)#
#......♣♣♣♣@g...#
#...)...♣..♣#...#
##..+)..♣.♣♣♣ ###
#..###♣♣♣♣♣
###.## #...#
#.#######
###........
........###


You could see Crazy Yiuf.

Vanquished Creatures
  2 dart slugs
  2 bats (D:1)
  2 endoplasms (D:1)
  3 goblins
  2 hobgoblins
  4 jackals (D:1)
  2 quokkas (D:1)
  5 ball pythons
  A frilled lizard (D:1)
  3 rats (D:1)
26 creatures vanquished.

Notes
Turn   | Place    | Note
-------+----------+-------------------------------------------
     0 | D:1      | hito the Formicid Fighter began the quest for the Orb.
     0 | D:1      | Reached XP level 1. HP: 18/18 MP: 1/1
   219 | D:1      | Reached XP level 2. HP: 21/24 MP: 2/2
   325 | D:1      | Found a faded altar of an unknown god.
   564 | D:1      | Reached XP level 3. HP: 16/30 MP: 3/3
  1029 | D:2      | Found a runed translucent door.
  1030 | D:2      | Noticed Crazy Yiuf
  1044 | D:2      | Slain by Crazy Yiuf

Illustrated notes

Levels and vault maps discovered:
D:1:      roderic_chinese_lattice_arrival, layout_loops_ring,
          shapermc_ecumenical_altar_starsandcircs
D:2:      layout_rooms, uniq_crazy_yiuf_cottage

Skill      XL: |  1  2 |
---------------+-------+-----
Shields        | 4 |  4.3
Fighting       | 4 |  4.1
Long Blades    | |  2.0
Armour         | |  3.3

Action                   || total
-------------------------++-------
Melee: Long sword        ||    72
       Mace              ||    11
Armor: Scale mail        ||    43
Dodge: Dodged            ||    31
Block: Kite shield       ||    50
       Rpst.: Long sword ||     9
